 Dungeon Crawl Stone Soup version 0.26-a0-665-gefeb406119 (webtiles) character file.

Game seed: 7677189005773747080

134 Frask the Sneak (level 4, -9/30 HPs)
             Began as a Vampire Necromancer on Oct 13, 2020.
             Killed by divine providence
             ... invoked by an orc priest
              (11 damage)
             ... on level 3 of the Dungeon.
             The game lasted 00:12:39 (2153 turns).

Frask the Sneak (Vampire Necromancer)               Turns: 2153, Time: 00:12:40

Health: -9/30      AC:  3    Str:  7    XL:     4   Next: 95%
Magic:  8/8        EV: 12    Int: 18    God:
Gold:   88         SH:  3    Dex: 14    Spells: 7/9 levels left

rFire    + . .     SeeInvis +   g - +0 dagger
rCold    . . .     Faith    .   f - +0 buckler
rNeg     + . .     Spirit   .   a - +0 robe
rPois    .         Reflect  .   (no helmet)
rElec    .         Harm     .   (no cloak)
rCorr    .         Rampage  .   (no gloves)
MR       .....                  k - +0 pair of boots
Stlth    +++.......             (no amulet)
HPRegen  0.30/turn              h - ring of positive energy
MPRegen  0.11/turn              m - ring of protection from fire

@: lethally poisoned (-9 -> -10), about to teleport, regenerating quickly
A: fangs 3, see invisible, unbreathing
a: Exsanguinate


You were on level 3 of the Dungeon.
You visited 1 branch of the dungeon, and saw 3 of its levels.

You collected 88 gold pieces.

Inventory:

Hand Weapons
 g - a +0 dagger (weapon)
Missiles
 p - 2 poisoned darts (quivered)
 q - 21 stones
Armour
 a - a +0 robe (worn)
 f - a +0 buckler (worn)
 k - a +0 pair of boots (worn)
 o - a -2 helmet
Jewellery
 h - a ring of positive energy (left hand)
 m - a ring of protection from fire (right hand)
Scrolls
 b - 3 scrolls of identify
 c - 5 scrolls of teleportation
 d - a scroll of remove curse
 e - a scroll of magic mapping {unknown}
 i - 2 scrolls of fear {unknown}
 j - a scroll of blinking {unknown}
 n - a scroll of amnesia {unknown}
Potions
 l - a potion of haste


   Skills:
 + Level 0.1 Fighting
 + Level 0.8 Short Blades
 + Level 2.2 Dodging
 * Level 5.2 Stealth
 + Level 3.1 Spellcasting
 + Level 5.2 Necromancy


You had 7 spell levels left.
You knew the following spells:

 Your Spells              Type           Power        Failure   Level
a - Pain                  Necr           ###.         3%          1
b - Animate Skeleton      Necr           ###...       3%          1

Your spell library contained the following spells:

 Spells                   Type           Power        Failure   Level
 Vampiric Draining        Necr           ###.......   10%         3
 Animate Dead             Necr           ###.......   30%         4
 Agony                    Necr           ###.....     65%         5


Dungeon Overview and Level Annotations

Branches:
Dungeon (3/15)

Altars:
Elyvilon
Fedhas
Qazlal

Annotations:
D:3 Grinder


Innate Abilities, Weirdness & Mutations

Your natural rate of healing is unusually fast.
You have razor-sharp teeth.
You have supernaturally acute eyesight. (SInv)
You can survive without breathing.


Message History

An orc priest comes into view. It is wielding a +0 falchion.
You feel sick.
The orc priest mumbles some strange prayers to Beogh against you.
Beogh smites you!
* * * LOW HITPOINT WARNING * * *
Your rat skeleton barely misses the kobold.
Things that are here:
2 poisoned darts; 21 stones
p - 2 poisoned darts An orc comes into view.
An adder comes into view.
Your rat skeleton bites the kobold.
As you read the scroll of teleportation, it crumbles to dust.
You feel strangely unstable. Grinder gestures at you.
Pain shoots through your body!
* * * LOW HITPOINT WARNING * * *
q - 21 stones The orc priest mumbles some strange prayers to Beogh against you.
Beogh smites you!
You die...

###### #....# ###
#....######## #
....######....##(....#....
....#.(..#....#.@K5.......
.....<...............o....
....#....#.........ZoS..(.
... #....#................
.. #..(.#..........o.....
. #...################..
#.### . #.#.#####
###.......#


You could see Grinder, 2 orc priests, an adder, an orc, a kobold and a friendly
rat skeleton.

Vanquished Creatures
  Natasha (thrice) (D:2)
  Robin (D:2)
  An adder (D:3)
  A worm (D:2)
  4 dart slugs
  3 leopard geckos (D:2)
  A giant cockroach (D:2)
  3 hobgoblins (D:2)
  A quokka (D:3)
  3 bats
  3 frilled lizards (D:2)
  7 goblins (D:2)
  4 kobolds
  8 rats
43 creatures vanquished.

Vanquished Creatures (collateral kills)
  A goblin (D:2)
  A hobgoblin (D:2)
  A frilled lizard (D:2)
3 creatures vanquished.

Vanquished Creatures (others)
  2 goblins (D:2)
  A quokka (D:2)
  2 fungi (D:2)
  A plant (D:2)
6 creatures vanquished.

Grand Total: 52 creatures vanquished

Notes
Turn   | Place    | Note
-------+----------+-------------------------------------------
     0 | D:1      | Frask the Vampire Necromancer began the quest for the Orb.
     0 | D:1      | Reached XP level 1. HP: 13/13 MP: 3/3
   485 | D:1      | Reached XP level 2. HP: 16/19 MP: 3/5
   803 | D:2      | Learned a level 1 spell: Animate Skeleton
   844 | D:2      | Found a stormy altar of Qazlal.
   845 | D:2      | Found a blossoming altar of Fedhas.
   913 | D:2      | Noticed Robin
   928 | D:2      | Killed Robin
   928 | D:2      | Reached XP level 3. HP: 21/24 MP: 2/6
  1181 | D:2      | Reached skill level 5 in Necromancy
  1275 | D:2      | Found a white marble altar of Elyvilon.
  1406 | D:2      | Found a white marble altar of Elyvilon.
  1406 | D:2      | Noticed Natasha
  1410 | D:2      | Killed Natasha
  1410 | D:2      | Reached XP level 4. HP: 26/30 MP: 4/8
  1658 | D:2      | Noticed Natasha
  1662 | D:2      | Killed Natasha
  1662 | D:2      | Reached skill level 5 in Stealth
  1949 | D:2      | Noticed Natasha
  1956 | D:2      | Killed Natasha
  2145 | D:3      | Noticed Grinder
  2153 | D:3      | Killed from afar by an orc priest

Illustrated notes

Levels and vault maps discovered:
D:1:      grunt_arrival_crossed_arrows, layout_basic
D:2:      layout_loops_ring, grunt_temple_overflow_forces_of_nature,
          overflow_temple_1_default, elyvilon_altar_4, uniq_natasha, uniq_robin
D:3:      layout_rooms, uniq_grinder, uniq_crazy_yiuf_cottage

Skill      XL: |  1  2  3  4 |
---------------+-------------+-----
Necromancy     | 5 |  5.2
Stealth        | 4 5 |  5.2
Spellcasting   | 3 |  3.1
Fighting       | |  0.1
Short Blades   | |  0.8
Dodging        | |  2.2

Action                   |  1- 3 |  4- 6 || total
-------------------------+-------+-------++-------
Melee: Dagger            |    20 |     7 ||    27
       Bite              |     3 |     1 ||     4
Throw: Dart              |       |     1 ||     1
 Cast: Pain              |    36 |    22 ||    58
       Animate Skeleton  |    11 |     3 ||    14
  Use: Potion            |     3 |       ||     3
       Scroll            |       |     4 ||     4
 Stab: Sleeping          |     5 |       ||     5
Armor: Robe              |     1 |     1 ||     2
Dodge: Dodged            |    12 |     7 ||    19
Block: Buckler           |     6 |     1 ||     7

Table legend: (Time is in decaauts)
 A = Elapsed time spent in this place.
 B = Non-inter-level travel time spent in this place.
 C = Inter-level travel time spent in this place.
 D = Time resting spent in this place.
 E = Time spent auto-exploring this place.
 F = Levels seen in this place.
 G = Mean time per level.
                   A        B        C        D        E       F      G
               +--------+--------+--------+--------+--------+-----+--------+
         Total |   2153 |   1970 |    183 |    214 |   1379 |   3 |  717.7 |
       Dungeon |   2153 |   1970 |    183 |    214 |   1379 |   3 |  717.7 |
               +--------+--------+--------+--------+--------+-----+--------+

Top non-repeatable levels by time:
     D:2: 1242 daAuts
     D:1: 754 daAuts
     D:3: 156 daAuts
